 Dungeon Crawl Stone Soup version 0.26-a0-597-gb535b0901c (webtiles) character file.

Game seed: 4280577122386951835

3363 MackTheKnife the Martial Artist (level 9, -3/74 HPs)
             Began as a Demonspawn Monk on Sept 10, 2020.
             Was a High Priest of Jiyva.
             Slain by a two-headed ogre
             ... wielding a +0 giant spiked club
              (20 damage)
             ... on level 9 of the Dungeon.
             The game lasted 00:10:12 (10355 turns).

MackTheKnife the Martial Artist (Demonspawn Monk)  Turns: 10355, Time: 00:10:13

Health: -3/74      AC: 10    Str: 20    XL:     9   Next: 73%
Magic:  0/9        EV: 11    Int: 17    God:    Jiyva [*****.]
Gold:   270        SH:  0    Dex: 21    Spells: 8/8 levels left

rFire    . . .     SeeInvis +     - Unarmed
rCold    . . .     Faith    .   (no shield)
rNeg     . . .     Spirit   +   h - +0 scale mail
rPois    .         Reflect  .   n - +0 helmet
rElec    .         Harm     .   p - +2 cloak {MR+}
rCorr    +         Clarity  +   (no gloves)
MR       +....                  (no boots)
Stlth    +.........             (no amulet)
HPRegen  0.22/turn              a - +6 ring of strength
MPRegen  0.11/turn              o - ring of see invisible {sInv, !d}

@: no status effects
A: claws 1, agile 2, clarity, clever 1, foul stench 1, strong 1, magic shield,
rot immunity, big brain 1
a: Request Jelly, Slimify, Cure Bad Mutation, Renounce Religion


You were on level 9 of the Dungeon.
You worshipped Jiyva.
Jiyva was extremely pleased with you.
You visited 2 branches of the dungeon, and saw 10 of its levels.

You collected 428 gold pieces.
You spent 158 gold pieces at shops.

Inventory:

Hand Weapons
 y - a +0 whip of flaming
   (You took it off Pikel on level 7 of the Dungeon)
Armour
 h - a +0 scale mail (worn)
   (You found it on level 1 of the Dungeon)
 n - a +0 helmet (worn)
   (You found it on level 2 of the Dungeon)
 p - a +2 cloak of magic resistance (worn)
   (You found it on level 3 of the Dungeon)
Jewellery
 a - a +6 ring of strength (left claw)
   (You took it off a hobgoblin on level 2 of the Dungeon)
 o - a ring of see invisible (right claw) {sInv, !d}
   (You found it on level 3 of the Dungeon)
Wands
 c - a wand of acid (10)
   (You found it on level 6 of the Dungeon)
 w - a wand of flame (33)
   (You took it off a big kobold on level 5 of the Dungeon)
 x - a wand of iceblast (6)
   (You found it on level 3 of the Dungeon)
Scrolls
 d - 3 scrolls of remove curse {unknown}
 i - a scroll of blinking {unknown}
 j - 2 scrolls of amnesia {unknown}
 k - 3 scrolls of fear {unknown}
 m - 2 scrolls of enchant armour {unknown}
 s - a scroll of enchant weapon {unknown}
 u - 2 scrolls of teleportation
 z - a scroll of brand weapon {unknown}
 A - a scroll of fog
 B - a scroll of random uselessness {unknown}
Potions
 b - a potion of brilliance
 e - 2 potions of heal wounds
 f - a potion of lignification {unknown}
 g - 5 potions of curing
 l - 3 potions of haste
 q - 2 potions of flight
 r - 2 potions of degeneration {unknown}
 t - 2 potions of might
 v - a potion of magic


   Skills:
 - Level 8.2 Fighting
 - Level 2.6 Dodging
 - Level 1.7 Stealth
 + Level 10.9 Unarmed Combat


You had 8 spell levels left.
You didn't know any spells.
Your spell library contained the following spells:

 Spells                   Type           Power        Failure   Level
 Animate Skeleton         Necr           #.....       56%         1
 Apportation              Tloc           #.....       56%         1
 Corona                   Hex            #......      56%         1
 Magic Dart               Conj           #...         56%         1
 Summon Small Mammal      Summ           #...         56%         1
 Blink                    Tloc           N/A          71%         2
 Call Imp                 Summ           #.......     71%         2
 Slow                     Hex            #.......     71%         2
 Conjure Flame            Conj/Fire      #.......     91%         3
 Mephitic Cloud           Conj/Pois/Air  #.......     91%         3


Dungeon Overview and Level Annotations

Branches:
Dungeon (9/15)             Temple (1/1) D:6
   Lair: D:8-11         Orc: D:9-12

Altars:
Cheibriados
Dithmenos
Fedhas
Gozag
Hepliaklqana
Kikubaaqudgha
Makhleb
Nemelex Xobeh
Okawaru
Qazlal
Ru
Trog
Uskayaw
Yredelemnul
Jiyva

Shops:
D:4 :   D:5 *   D:6 ?*


Innate Abilities, Weirdness & Mutations

You have sharp fingernails.
You may emit foul miasma when damaged in melee.
When hurt, damage is shared between your health and your magic reserves.
You are immune to rotting.
You have an unusually large brain. (Int +2)
You are very agile. (Dex +4)
You possess an exceptional clarity of mind.
Your mind is acute. (Int +2)
Your muscles are strong. (Str +2)


Message History

Aim: a two-headed ogre, wielding two +0 giant clubs The bolt of acid hits the two-headed ogre!
The two-headed ogre is splashed with acid.
Aim: a two-headed ogre, wielding two +0 giant clubs (moderately wounded)
The bolt of acid hits the two-headed ogre!
The two-headed ogre is splashed with acid.
The acid corrodes the two-headed ogre!
The two-headed ogre barely misses you.
The two-headed ogre hits you but does no damage.
The two-headed ogre looks sick.
You scratch the two-headed ogre.
The two-headed ogre hits you with a +0 giant club.
The two-headed ogre barely misses you.
You take 6 damage, and have 68/74 hp.
You mangle the two-headed ogre!!
You hear a distant slurping noise.
You scratch the two-headed ogre.
You kill the two-headed ogre!
No target in view!
You start resting.
You hear a distant slurping noise. x2
Health restored: 74
Things that are here:
a +0 giant club; a +0 giant club You hear a distant slurping noise.
Jiyva appreciates your sacrifice.
You feel a little less hungry.
You hear a distant slurping noise.
Jiyva alters your body.
You feel as though nothing has changed. Jiyva appreciates your sacrifice.
You feel a little less hungry.
You now have 7/9 mp.
You hear a slurping noise.
Jiyva appreciates your sacrifice.
You feel a little less hungry.
You feel your power returning.
An orc comes into view. It is wielding a +0 war axe.
MP restored: 9 An orc is nearby!
An orc is nearby!
An orc is nearby!
An orc is nearby!
The orc shouts!
The orc throws a boomerang.
The boomerang hits you but does no damage.
The weapon returns to the orc!
The orc barely misses you.
You hear a distant slurping noise.
You closely miss the orc.
You hear a distant slurping noise.
The orc closely misses you.
You barely miss the orc. You closely miss the orc.
The orc hits you with a +0 war axe.
You take 1 damage, and have 73/74 hp.
You scratch the orc. The orc misses you.
You barely miss the orc. You closely miss the orc. The orc closely misses you.
Health restored: 74 You scratch the orc.
The orc closely misses you.
You mangle the orc!!
You kill the orc!
Things that are here:
a +0 war axe; 2 boomerangs You hear a distant slurping noise.
A two-headed ogre comes into view.
It is wielding a +0 giant spiked club and a +0 giant club.
The two-headed ogre shouts in stereo!
There is an open door here.
A two-headed ogre is nearby!
A two-headed ogre is nearby!
A two-headed ogre is nearby!
The two-headed ogre closely misses you.
The two-headed ogre hits you with a +0 giant club!!
The two-headed ogre looks sick.
A worker ant comes into view.
You take 19 damage, and have 55/74 hp.
MASSIVE DAMAGE!!
You now have 7/9 mp.
You barely miss the two-headed ogre.
The two-headed ogre hits you with a +0 giant spiked club!
The two-headed ogre closely misses you.
You take 11 damage, and have 44/74 hp.
You now have 6/9 mp.
You are too injured to fight recklessly!
You are too injured to fight recklessly!
You completely miss the two-headed ogre.
You claw the two-headed ogre!
The two-headed ogre hits you with a +0 giant spiked club!
You emit a cloud of foul miasma!
The two-headed ogre hits you with a +0 giant club!
* * * LOW HITPOINT WARNING * * *
You take 27 damage, and have 17/74 hp.
MASSIVE DAMAGE!!
You now have 2/9 mp.
You mangle the two-headed ogre!!
The worker ant bites you but does no damage.
The worker ant looks sick.
You closely miss the two-headed ogre.
The two-headed ogre is engulfed in dark miasma.
The two-headed ogre is poisoned.
The two-headed ogre seems to slow down.
The two-headed ogre barely misses you.
The two-headed ogre hits you with a +0 giant club!!
You die...

##+## #####.#####
.....## ##...## # # ##
....####.....### #.#.
#...##...#...## #.#..
#..#...###...# ....
#....)## ##..' #..#
##..#...###...#
#..O###...##...#...##
#.a@....####.....###
##.....## ##...## #
###'#########.#####
.......................
.....##################
.#.. #. .. .


You could see a two-headed ogre (poisoned, slow, sick) and a worker ant (sick).

Vanquished Creatures
  A two-headed ogre (D:9)
  Pikel (D:7)
  Joseph (D:7)
  A hippogriff (D:8)
  A water moccasin (D:5)
  An ice beast (D:5)
  A sky beast (D:7)
  2 phantoms
  3 ogres
  A crocodile (D:9)
  A lemure (D:7)
  2 big kobolds (D:5)
  2 scorpions
  A quasit (D:7)
  A jelly (D:5)
  2 hounds
  A centaur skeleton (D:8)
  An orc priest (D:5)
  Crazy Yiuf (D:6)
  An iguana (D:9)
  7 orc wizards
  5 worker ants
  A hound skeleton (D:5)
  6 gnolls (D:4)
  9 adders
  2 howler monkey skeletons
  2 river rats (D:3)
  A white imp (D:9)
  An ufetubus (D:7)
  An ooze (D:5)
  5 worms
  The ghost of Ge0ff the Sneak, a weakling HuDe (D:5)
  2 leopard geckos
  16 orcs
  10 bats
  9 giant cockroaches
  9 goblins
  6 hobgoblins
  9 jackals
  4 quokkas
  4 ball pythons (D:3)
  7 frilled lizards
  9 kobolds
  2 leopard gecko skeletons
  8 rats
  A spectral orc (D:6)
163 creatures vanquished.

Vanquished Creatures (others)
  A bullfrog (D:7)
  2 scorpions
  3 wights (D:7)
  15 jellies
  A howler monkey (D:6)
  A worker ant (D:9)
  An adder (D:7)
  A shadow imp (D:6)
  A leopard gecko (D:8)
  5 orcs
  2 quokkas
  A giant cockroach zombie (D:6)
  4 fungi (D:6)
  8 plants (D:6)
46 creatures vanquished.

Grand Total: 209 creatures vanquished

Notes
Turn   | Place    | Note
-------+----------+-------------------------------------------
     0 | D:1      | MackTheKnife the Demonspawn Monk began the quest for the
                  | Orb.
     0 | D:1      | Reached XP level 1. HP: 18/18 MP: 1/1
   267 | D:1      | Reached skill level 3 in Unarmed Combat
   354 | D:1      | Gained mutation: When hurt, damage is shared between your
                  | health and your magic reserves. [demonic ancestry]
   354 | D:1      | Reached XP level 2. HP: 22/24 MP: 2/2
   399 | D:1      | HP: 5/24 [hobgoblin (3)]
  1177 | D:2      | Gained mutation: You have sharp fingernails. [demonic
                  | ancestry]
  1177 | D:2      | Reached XP level 3. HP: 17/29 MP: 3/3
  1182 | D:2      | Reached skill level 4 in Unarmed Combat
  1200 | D:2      | HP: 7/29 [poisoned by an adder]
  1208 | D:2      | HP: 6/29 [poisoned by an adder]
  1939 | D:2      | Gained mutation: You are immune to rotting. [demonic
                  | ancestry]
  1939 | D:2      | Reached XP level 4. HP: 35/35 MP: 4/4
  2423 | D:3      | You fall into a shaft and drop 3 floors!
  2517 | D:6      | Noticed a phantom
  2552 | D:5      | Entered Level 5 of the Dungeon
  2562 | D:5      | Reached skill level 5 in Unarmed Combat
  2714 | D:5      | Reached XP level 5. HP: 24/41 MP: 5/5
  3236 | D:4      | Reached skill level 6 in Unarmed Combat
  3347 | D:4      | Reached XP level 6. HP: 28/47 MP: 6/6
  3366 | D:4      | p0werm0de: !firestorm MackTheKnife
  3366 | D:4      | beem: p0werm0de gestures at MackTheKnife while chanting. A
                  | raging storm of fire appears! The great blast of fire
                  | engulfs MackTheKnife!
  3486 | D:4      | Gained mutation: Your magical capacity is low. (-10% MP)
                  | [potion of mutation]
  3486 | D:4      | Gained mutation: You tend to lose your temper in combat.
                  | [potion of mutation]
  3486 | D:4      | Gained mutation: You evolve. [potion of mutation]
  3487 | D:4      | Lost mutation: You evolve. [potion of mutation]
  3487 | D:4      | Lost mutation: Your magical capacity is low. (-10% MP)
                  | [potion of mutation]
  3487 | D:4      | Lost mutation: You tend to lose your temper in combat.
                  | [potion of mutation]
  3487 | D:4      | Gained mutation: Scrolls take you a little longer to read.
                  | [potion of mutation]
  3487 | D:4      | Gained mutation: You are agile. (Dex +2) [potion of
                  | mutation]
  3487 | D:4      | Gained mutation: You possess an exceptional clarity of
                  | mind. [potion of mutation]
  3487 | D:4      | Gained mutation: Your muscles are strong. (Str +2) [potion
                  | of mutation]
  3488 | D:4      | p0werm0de: https://www.youtube.com/watch?v=31DCanfu0Yo
  3703 | D:4      | Found Nynaesch's Book Shoppe.
  3732 | D:4      | Found a blossoming altar of Fedhas.
  5025 | D:4      | Reached skill level 7 in Unarmed Combat
  5025 | D:4      | Gained mutation: You have an unusually large brain. (Int
                  | +2) [demonic ancestry]
  5025 | D:4      | Reached XP level 7. HP: 48/53 MP: 5/7
  5108 | D:4      | Reached skill level 4 in Fighting
  5763 | D:4      | Found a sparkling altar of Nemelex Xobeh.
  6039 | D:5      | Found a bloodstained altar of Trog.
  6404 | D:5      | Reached skill level 5 in Fighting
  6639 | D:5      | Found Eloaqucw's Serpentskin Sales.
  7130 | D:5      | Found a runed translucent gate.
  7131 | D:5      | Found a runed translucent gate.
  7131 | D:5      | Found a runed translucent gate.
  7131 | D:5      | Noticed Ge0ff's ghost (weakling HuDe)
  7154 | D:5      | Killed Ge0ff's ghost
  7166 | D:5      | Reached skill level 8 in Unarmed Combat
  7166 | D:5      | Reached XP level 8. HP: 54/63 MP: 5/8
  7334 | D:6      | Found a staircase to the Ecumenical Temple.
  7353 | Temple   | Entered the Ecumenical Temple
  7365 | Temple   | Became a worshipper of Jiyva Juypin the Shapeless
  7365 | Temple   | Reached * piety under Jiyva
  7365 | Temple   | Reached ** piety under Jiyva
  7461 | D:6      | Reached skill level 6 in Fighting
  7779 | D:6      | Reached *** piety under Jiyva
  7812 | D:6      | Found a basalt altar of Yredelemnul.
  7858 | D:6      | Found Aruyth's Assorted Antiques.
  7866 | D:6      | Bought a scroll labeled MOEZEA UNIL for 24 gold pieces
  7866 | D:6      | Bought a scroll labeled EQAICITAESCH for 24 gold pieces
  7866 | D:6      | Bought a scroll labeled OMI ACHIOL for 24 gold pieces
  7866 | D:6      | Bought a murky golden potion for 21 gold pieces
  8092 | D:6      | Gained mutation: You are covered in fur. (AC +1) [Jiyva's
                  | grace]
  8209 | D:6      | Found Uffaz's Magic Scroll Emporium.
  8215 | D:6      | Bought a scroll of fog for 26 gold pieces
  8215 | D:6      | Bought a scroll of teleportation for 39 gold pieces
  8338 | D:6      | Found a runed translucent door.
  8339 | D:6      | Noticed Crazy Yiuf
  8349 | D:6      | Killed Crazy Yiuf
  8439 | D:7      | Noticed Joseph
  8453 | D:7      | Killed Joseph
  8453 | D:7      | Reached skill level 7 in Fighting
  8453 | D:7      | Reached skill level 9 in Unarmed Combat
  8687 | D:7      | Reached **** piety under Jiyva
  8761 | D:7      | Gained mutation: You are very agile. (Dex +4) [Jiyva's
                  | grace]
  8799 | D:7      | Noticed Pikel
  8802 | D:7      | Found a snail-covered altar of Cheibriados.
  8812 | D:7      | Killed Pikel
  8812 | D:7      | Reached skill level 8 in Fighting
  8812 | D:7      | Gained mutation: You may emit foul miasma when damaged in
                  | melee. [demonic ancestry]
  8812 | D:7      | Reached XP level 9. HP: 46/74 MP: 6/9
  8922 | D:7      | Lost mutation: You are covered in fur. (AC +1) [Jiyva's
                  | grace]
  9058 | D:7      | Reached ***** piety under Jiyva
  9059 | D:7      | Lost mutation: Scrolls take you a little longer to read.
                  | [Jiyva's power]
  9459 | D:8      | Found an opulent altar of Gozag.
  9604 | D:8      | Found a shadowy altar of Dithmenos.
  9606 | D:8      | Found a hide-covered altar of Uskayaw.
  9606 | D:8      | Found a sacrificial altar of Ru.
  9608 | D:8      | Found a hazy altar of Hepliaklqana.
  9609 | D:8      | Found an iron altar of Okawaru.
  9618 | D:8      | Gained mutation: Your mind is acute. (Int +2) [Jiyva's
                  | grace]
  9964 | D:9      | Found a snail-covered altar of Cheibriados.
  9964 | D:9      | Found a stormy altar of Qazlal.
 10237 | D:9      | Reached skill level 10 in Unarmed Combat
 10286 | D:9      | Noticed a two-headed ogre
 10291 | D:9      | Killed a two-headed ogre
 10348 | D:9      | Noticed a two-headed ogre
 10353 | D:9      | HP: 17/74 [two-headed ogre/+0 giant spiked club (15)]
 10355 | D:9      | Slain by a two-headed ogre

Illustrated notes

Levels and vault maps discovered:
D:1:      minmay_arrival_five_plusses, layout_rooms
D:2:      layout_basic
D:3:      layout_loops_ring, serial_co_window_serial, co_window_corner_a,
          co_window_paths_a, co_window_corner_a, co_window_paths_a,
          co_window_paths_b, co_window_paths_a, co_window_paths_a,
          co_window_unsneaky_path_b, co_window_2corner, co_window_broadway_a,
          co_window_corner_b, co_window_broadway_c, co_window_4corner_a,
          co_window_paths_e, glass_columns_b, glass_columns_a, glass_columns_a,
          glass_columns_a, portal_sewer_entry_a
D:4:      layout_layer_cave, kennysheep_little_box, overflow_temple_1_default,
          serial_shops, shop, minmay_a_box_with_orc_wizards_in_it
D:5:      layout_basic, kennysheep_mini, gammafunk_ghost_nasty_kobolds,
          guppyfry_shop_venom
D:6:      layout_loops_ring, yredelemnul_forgotten_temple_becter,
          minmay_temple_entry_gardened_gates, serial_shops, shop, shop,
          uniq_crazy_yiuf_cottage
D:7:      layout_loops_ring, basic_altar, uniq_pikel, uniq_joseph
D:8:      layout_loops_ring, grunt_temple_overflow_open,
          nicolae_gozag_cash_rules_everything_around_me
D:9:      minmay_the_grid_3x2 [minmay_the_grid_outer_diamond,
          minmay_the_grid_outer_circle, minmay_the_grid_box_x,
          minmay_the_grid_broken_lines, minmay_the_grid_fan,
          minmay_the_grid_prize_shrinking_boxes], layout_loops_corners,
          gammafunk_temple_overflow_statue
Temple:   pf_slime_end_temple

Skill      XL: |  1  2  3  4  5  6  7  8  9 |
---------------+----------------------------+-----
Unarmed Combat | 3 4 5 6 7 8 9 10 | 10.9
Fighting       | 5 8 |  8.2
Dodging        | |  2.6
Stealth        | |  1.7

Action                   |  1- 3 |  4- 6 |  7- 9 || total
-------------------------+-------+-------+-------++-------
Melee: Unarmed           |   152 |   226 |   295 ||   673
       Punch             |     2 |     6 |    12 ||    20
Invok: Request Jelly     |       |       |     1 ||     1
       Cure Bad Mutation |       |       |     1 ||     1
Evoke: Wand              |       |       |     3 ||     3
  Use: Scroll            |       |     4 |     3 ||     7
       Potion            |       |     2 |     3 ||     5
Armor: Scale mail        |    56 |    72 |    91 ||   219
       Robe              |     5 |       |       ||     5
Dodge: Dodged            |    97 |   127 |   131 ||   355

Table legend: (Time is in decaauts)
 A = Elapsed time spent in this place.
 B = Non-inter-level travel time spent in this place.
 C = Inter-level travel time spent in this place.
 D = Time resting spent in this place.
 E = Time spent auto-exploring this place.
 F = Levels seen in this place.
 G = Mean time per level.
                   A        B        C        D        E       F      G
               +--------+--------+--------+--------+--------+-----+--------+
         Total |  10274 |  10005 |    269 |   2117 |   6420 |  10 | 1027.4 |
       Dungeon |  10249 |   9980 |    269 |   2117 |   6411 |   9 | 1138.8 |
        Temple |     24 |     24 |      0 |      0 |      9 |   1 |   24.0 |
               +--------+--------+--------+--------+--------+-----+--------+

Top non-repeatable levels by time:
     D:5: 2049 daAuts
     D:4: 1710 daAuts
     D:6: 1257 daAuts
     D:3: 1220 daAuts
     D:2: 1089 daAuts
     D:1: 1084 daAuts
     D:7: 911 daAuts
     D:8: 513 daAuts
     D:9: 413 daAuts
  Temple: 24 daAuts

Table legend:
 A = Kills in this place as a percentage of kills in entire the game.
 B = Kills by you in this place as a percentage of kills by you in the entire game.
 C = Kills by friends in this place as a percentage of kills by friends in the entire game.
 D = Other kills in this place as a percentage of other kills in the entire game.
 E = Experience gained in this place as a percentage of experience gained in the entire game.
 F = Experience gained in this place divided by the number of levels of this place that you have seen.
                   A       B       C       D       E      F
               +-------+-------+-------+-------+-------+----------------------
         Total | 100.0 | 100.0 |   N/A |   N/A | 100.0 | 480.5
       Dungeon | 100.0 | 100.0 |   N/A |   N/A | 100.0 | 533.9
               +-------+-------+-------+-------+-------+----------------------
